 Dungeon Crawl Stone Soup version 0.31.0-1-g2c135a0 (webtiles) character file.

Game seed: 5718236637666539873

2319 jagoly the Cleaver (level 9, -10/52 HPs)
             Began as a Gargoyle Monk on Jan 25, 2024.
             Was a Believer of the Shining One.
             Mangled by a polar bear (19 damage)
             ... on level 8 of the Dungeon.
             The game lasted 00:24:29 (3232 turns).

jagoly the Cleaver (Gargoyle Monk)                  Turns: 3232, Time: 00:24:29

Health: -10/52     AC: 15    Str: 20    XL:     9   Next: 41%
Magic:  7/9        EV: 10    Int: 10    God:    the Shining One [**....]
Gold:   350        SH:  6    Dex: 12    Spells: 8/8 levels left

rFire   . . .        a - +0 hand axe
rCold   . . .        d - orb {light}
rNeg    + + .        r - +0 scale mail
rPois   ∞            q - +1 helmet
rElec   +            (no cloak)
rCorr   .            (no gloves)
SInv    +            (no boots)
Will    +....        F - amulet of the acrobat Stlth
                     k - ring of willpower
HPRegen 0.28/turn    D - ring of see invisible
MPRegen 0.11/turn

%: acrobat
@: divinely shielded, glowing
A: sickness immunity, AC +6, negative energy resistance 1, electricity
resistance, torment resistance 1, petrification resistance
a: Renounce Religion, Divine Shield


You were on level 8 of the Dungeon.
You worshipped the Shining One.
The Shining One was pleased with you.
You visited 2 branches of the dungeon, and saw 9 of its levels.
You also visited: Sewer.

You collected 350 gold pieces.

Inventory:

Hand Weapons
 a - a +0 hand axe (weapon)
 H - a +2 dagger of venom
Missiles
 f - 3 poisoned darts
 o - 24 stones (quivered)
 s - 2 boomerangs
Armour
 b - a +0 robe
 d - an orb of light (worn)
 i - a +0 ring mail
 q - a +1 helmet (worn)
 r - a +0 scale mail (worn)
 t - a +2 leather armour of cold resistance
 u - a +0 plate armour
Jewellery
 k - a ring of willpower (left hand)
 D - a ring of see invisible (right hand)
 F - an amulet of the acrobat (around neck)
Wands
 w - a wand of charming (17)
 x - a wand of roots (19)
Scrolls
 e - 2 scrolls of fog
 g - 2 scrolls of enchant armour
 j - 2 scrolls of identify
 l - 2 scrolls of fear
 p - 2 scrolls of teleportation {unknown}
 y - a scroll of acquirement {unknown}
 C - a scroll of blinking {unknown}
 G - a scroll of vulnerability {unknown}
Potions
 c - a potion of ambrosia
 m - a potion of mutation {unknown}
 n - 2 potions of curing {unknown}
 v - 2 potions of cancellation {unknown}
 z - 2 potions of berserk rage {unknown}
 A - 2 potions of magic {unknown}
 B - a potion of enlightenment {unknown}
 E - a potion of degeneration {unknown}


   Skills:
 + Level 4.1 Fighting
 * Level 10.7 Axes
 + Level 4.0 Armour
 + Level 2.5 Dodging
 - Level 1.0 Stealth
 + Level 0.3 Evocations


You had 8 spell levels left.
You didn't know any spells.
Your spell library contained the following spells:

 Spells                   Type           Power      Damage    Failure   Level
 Foxfire                  Conj/Fire      0%         2x1d4     71%         1
 Blink                    Tloc           0%         N/A       85%         2
 Call Imp                 Summ           0%         N/A       85%         2
 Lesser Beckoning         Tloc           0%         N/A       85%         2
 Momentum Strike          Conj/Tloc      0%         3d8       85%         2
 Dazzling Flash           Conj/Hex       0%         N/A       97%         3
 Frozen Ramparts          Ice            0%         1d1       97%         3
 Inner Flame              Hex/Fire       0%         N/A       97%         3
 Volatile Blastmotes      Fire/Tloc      0%         2d10      97%         3
 Flame Wave               Conj/Fire      0%         2d4       100%        4
 Leda's Liquefaction      Alch/Erth      0%         N/A       100%        4
 Petrify                  Alch/Erth      0%         N/A       100%        4
 Sticky Flame             Fire/Alch      0%         2d4       100%        4
 Metabolic Englaciation   Hex/Ice        0%         N/A       100%        5
 Plasma Beam              Fire/Air       0%         2x1d10    100%        6
 Starburst                Conj/Fire      0%         6d3       100%        6
 Summon Hydra             Summ           0%         N/A       100%        7
 Maxwell's Capacitive Co  Air            0%         ∞         100%        8
 Sublimation of Blood     Necr           Unusable   N/A       N/A         2

Dungeon Overview and Level Annotations

Branches:
Dungeon (8/15) Zot: 26125  Temple (1/1) D:5 Zot: 5973    Lair (0/5) D:8
  Sewer (visited)

Altars:
Ashenzari
Cheibriados
Dithmenos
Elyvilon
Fedhas
Gozag
Hepliaklqana
Kikubaaqudgha
Makhleb
Nemelex Xobeh
Okawaru
Qazlal
Ru
Sif Muna
Trog
Uskayaw
Vehumet
Wu Jian
Xom
Yredelemnul
Zin
The Shining One

Shops:
D:3 [

Annotations:
D:2 Sigmund
D:4 VideoJamieLikely's ghost, amateur DrCj
D:5 3 runed translucent doors, thelochok's ghost, novice DsFE


Innate Abilities, Weirdness & Mutations

You are immune to sickness and miasma.
Your stone body is resilient. (AC +6)
You are immune to poison.
You resist negative energy. (rN+)
You are resistant to electric shocks. (rElec)
You are resistant to unholy torment.
You are immune to petrification.


Message History

You slash the orc wizard!
The orc wizard is heavily wounded.
The orc wizard hits you but does no damage.
You slash the orc wizard!
You kill the orc wizard!
No target in view!
No target in view!
The electric eel shoots out a bolt of lightning at you!
The bolt of electricity misses you.
Items here: ))) [ †.
Throw: 30 stones
Press: ? - help, Q - select action, (/) - cycle Shift-Dir - straight line, f - electric eel
Aim: an electric eel (35% to hit)
You throw a stone.
The stone hits the electric eel but does no damage.
Okay, then.
Found a staircase to the Lair.
Found a stone staircase leading down.
There is a stone staircase leading down here.
A howler monkey comes into view.
The howler monkey howls!
You hit the howler monkey.
The howler monkey is lightly wounded.
The howler monkey closely misses you.
You closely miss the howler monkey.
The howler monkey is lightly wounded.
The howler monkey hits you.
You hit the howler monkey.
The howler monkey is moderately wounded.
The howler monkey hits you but does no damage.
You slash the howler monkey!
The howler monkey is severely wounded.
The howler monkey hits you but does no damage.
You barely miss the howler monkey.
The howler monkey is severely wounded.
The howler monkey hits you but does no damage.
You barely miss the howler monkey.
The howler monkey is severely wounded.
The howler monkey hits you but does no damage.
You closely miss the howler monkey.
The howler monkey is severely wounded.
The howler monkey hits you but does no damage.
You hit the howler monkey.
The howler monkey is severely wounded.
The howler monkey hoots and howls with incredible vigour!
You hear a shout!
Something shouts, "Scamper away, thou puny flat-headed pissant!"
You slash the howler monkey!
You kill the howler monkey!
No target in view!
No target in view!
HP restored.
Found 17 gold pieces.
Found a ring mail.
A white imp comes into view.
You see here 17 gold pieces.
A white imp is nearby!
You now have 343 gold pieces (gained 17).
You hit the white imp.
The white imp is severely wounded.
The white imp closely misses you.
You hit the white imp.
You kill the white imp!
The Shining One accepts your kill.
No target in view!
No target in view!
A howler monkey simulacrum comes into view.
You see here a +0 ring mail.
A howler monkey simulacrum is nearby!
Throw: 29 stones
Press: ? - help, Q - select action, (/) - cycle Shift-Dir - straight line, f - howler monkey simulacrum
Aim: a howler monkey simulacrum (wandering, hasn't noticed you, 72% to hit)
You throw a stone.
The stone hits the howler monkey simulacrum but does no damage.
An orc comes into view. It is wielding a +0 whip.
Throw: 28 stones
Press: ? - help, Q - select action, (/) - cycle Shift-Dir - straight line, f/p - howler monkey simulacrum
Aim: a howler monkey simulacrum (72% to hit)
You throw a stone. The orc shouts!
The stone hits the howler monkey simulacrum.
The howler monkey simulacrum is lightly damaged.
Throw: 27 stones
Press: ? - help, Q - select action, (/) - cycle Shift-Dir - straight line, f/p - howler monkey simulacrum
Aim: a howler monkey simulacrum (lightly damaged, haloed, 93% to hit)
You throw a stone.
The stone hits the howler monkey simulacrum but does no damage.
The howler monkey simulacrum is lightly damaged.
Throw: 26 stones
Press: ? - help, Q - select action, (/) - cycle Shift-Dir - straight line, f/p - howler monkey simulacrum
Aim: a howler monkey simulacrum (lightly damaged, haloed, 93% to hit)
You throw a stone.
The stone hits the howler monkey simulacrum but does no damage.
The howler monkey simulacrum is lightly damaged.
Cleave: a) +0 hand axe
Press: ? - help, Dir - move target, f/p - howler monkey simulacrum
Aim: a howler monkey simulacrum (lightly damaged, haloed, about 6% to evade your +0 hand axe)
You hit the howler monkey simulacrum.
The howler monkey simulacrum is moderately damaged.
The howler monkey simulacrum hits you.
The howler monkey simulacrum freezes you.
Cleave: a) +0 hand axe
Press: ? - help, Dir - move target, f/p - howler monkey simulacrum
Aim: a howler monkey simulacrum (moderately damaged, haloed, about 6% to evade your +0 hand axe)
You hit the howler monkey simulacrum.
The howler monkey simulacrum is moderately damaged.
The howler monkey simulacrum barely misses you.
Cleave: a) +0 hand axe
Press: ? - help, Dir - move target, f/p - howler monkey simulacrum
Aim: a howler monkey simulacrum (moderately damaged, haloed, about 6% to evade your +0 hand axe)
You completely miss the howler monkey simulacrum.
The howler monkey simulacrum is moderately damaged.
You hit the orc.
Cleave: a) +0 hand axe
Press: ? - help, Dir - move target, f/p - howler monkey simulacrum
Aim: a howler monkey simulacrum (moderately damaged, haloed, about 6% to evade your +0 hand axe)
You barely miss the howler monkey simulacrum.
The howler monkey simulacrum is moderately damaged.
You hit the orc but do no damage.
The howler monkey simulacrum hits you but does no damage.
The orc hits you with a +0 whip.
Cleave: a) +0 hand axe
Press: ? - help, Dir - move target, f/p - howler monkey simulacrum
Aim: a howler monkey simulacrum (moderately damaged, haloed, about 6% to evade your +0 hand axe)
You slash the howler monkey simulacrum!
The howler monkey simulacrum vaporises!
The Shining One accepts your kill.
You hit the orc.
You kill the orc!
You see here a +0 whip.
Found 7 gold pieces.
Found a dagger.
Found a stone staircase leading down.
You now have 350 gold pieces (gained 7).
You see here a +0 dagger.
An ice beast comes into view.
An ice beast is nearby!
Found a morningstar.
Throw: 25 stones
Press: ? - help, Q - select action, (/) - cycle Shift-Dir - straight line, f - ice beast
Aim: an ice beast (haloed, 76% to hit)
You throw a stone.
The stone hits the ice beast but does no damage.
You hit the ice beast.
The ice beast is lightly wounded.
The ice beast hits you but does no damage.
You slash the ice beast!
The ice beast is moderately wounded.
The ice beast hits you but does no damage.
You hit the ice beast.
The ice beast is heavily wounded.
You hit the ice beast.
The ice beast is heavily wounded.
The ice beast hits you but does no damage.
You hit the ice beast.
The ice beast is severely wounded.
The ice beast hits you but does no damage.
You hit the ice beast.
The ice beast is almost dead.
The ice beast hits you but does no damage.
You completely miss the ice beast.
The ice beast is almost dead.
The ice beast hits you but does no damage.
You hit the ice beast but do no damage.
The ice beast is almost dead.
You hit the ice beast.
You kill the ice beast!
No target in view!
You see here a +0 morningstar.
Found a book of Sloth and a yellow potion.
An orc comes into view. It is wielding a +2 dagger of venom.
The orc shouts!
You hear a shout!
An orc comes into view. It is wielding a +0 club.
You hear a shout!
There are monsters nearby!
You see here a book of Sloth.
You pick up a book of Sloth and begin reading...
You add the spells Frozen Ramparts, Leda's Liquefaction, Petrify and Metabolic Englaciation to your library.
An orc comes into view. It is wielding a +0 hand axe.
You slash the orc!
You kill the orc!
You barely miss the orc. The orc hits you with a +0 club.
You slash the orc!
The orc is almost dead.
The orc barely misses you.
You hit the orc but do no damage.
The orc is almost dead.
You hit the orc.
You kill the orc!
You hit the orc.
The orc is heavily wounded.
The orc barely misses you.
You hit the orc but do no damage.
The orc is heavily wounded.
The orc closely misses you.
You hit the orc.
You kill the orc!
Items here: ))) [ †.
H - a +2 dagger of venom An orc priest comes into view.
It is wielding a +0 dagger.
You barely miss the orc priest.
The orc priest hits you with a +0 dagger.
You hit the orc priest.
The orc priest is moderately wounded.
The orc priest hits you but does no damage.
You hit the orc priest but do no damage.
The orc priest is moderately wounded.
The orc priest calls down the wrath of Beogh upon you.
Beogh smites you!
You completely miss the orc priest.
The orc priest is moderately wounded.
You hit the orc priest but do no damage.
The orc priest is moderately wounded.
The orc priest invokes the aid of Beogh against you.
Beogh smites you!
* * * LOW HITPOINT WARNING * * *
You hit the orc priest but do no damage.
The orc priest is moderately wounded.
The orc priest miscasts a cantrip.
Cleave: a) +0 hand axe
Press: ? - help, Dir - move target, f - orc priest
Aim: an orc priest, wielding a +0 dagger and wearing a +0 scale mail (moderately wounded, haloed, about 15% to evade your +0 hand axe)
You hit the orc priest but do no damage.
The orc priest is moderately wounded.
The orc priest hits you with a +0 dagger.
* * * LOW HITPOINT WARNING * * *
Cleave: a) +0 hand axe
Press: ? - help, Dir - move target, f/p - orc priest
Aim: an orc priest, wielding a +0 dagger and wearing a +0 scale mail (moderately wounded, haloed, about 15% to evade your +0 hand axe)
You barely miss the orc priest.
The orc priest is moderately wounded.
Cleave: a) +0 hand axe
Press: ? - help, Dir - move target, f/p - orc priest
Aim: an orc priest, wielding a +0 dagger and wearing a +0 scale mail (moderately wounded, haloed, about 15% to evade your +0 hand axe)
You hit the orc priest but do no damage.
The orc priest is moderately wounded.
The orc priest hits you but does no damage.
Cleave: a) +0 hand axe
Press: ? - help, Dir - move target, f/p - orc priest
Aim: an orc priest, wielding a +0 dagger and wearing a +0 scale mail (moderately wounded, haloed, about 15% to evade your +0 hand axe)
You hit the orc priest but do no damage.
The orc priest is moderately wounded.
The orc priest hits you but does no damage.
Cleave: a) +0 hand axe
Press: ? - help, Dir - move target, f/p - orc priest
Aim: an orc priest, wielding a +0 dagger and wearing a +0 scale mail (moderately wounded, haloed, about 15% to evade your +0 hand axe)
You hit the orc priest.
The orc priest is severely wounded.
The orc priest hits you with a +0 dagger.
* * * LOW HITPOINT WARNING * * *
Cleave: a) +0 hand axe
Press: ? - help, Dir - move target, f/p - orc priest
Aim: an orc priest, wielding a +0 dagger and wearing a +0 scale mail (heavily wounded, haloed, about 15% to evade your +0 hand axe)
You hit the orc priest but do no damage.
The orc priest is heavily wounded.
The orc priest mumbles some strange prayers to Beogh against you.
You easily resist.
Cleave: a) +0 hand axe
Press: ? - help, Dir - move target, f/p - orc priest
Aim: an orc priest, wielding a +0 dagger and wearing a +0 scale mail (heavily wounded, haloed, about 15% to evade your +0 hand axe)
You hit the orc priest.
The orc priest is almost dead.
Cleave: a) +0 hand axe
Press: ? - help, Dir - move target, f/p - orc priest
Aim: an orc priest, wielding a +0 dagger and wearing a +0 scale mail (almost dead, haloed, about 15% to evade your +0 hand axe)
You hit the orc priest.
You kill the orc priest!
The Shining One accepts your kill.
You feel better.
Things that are here:
a +0 dagger; a +0 scale mail
h - 2 yellow potions (gained 1)
A white imp comes into view.
The white imp shouts!
A wolf comes into view.
The wolf howls!
The white imp gestures at you. The puff of frost misses you.
The wolf misses you.
Cleave: a) +0 hand axe
Press: ? - help, Dir - move target, f - wolf
Aim: a wolf (haloed, about 34% to evade your +0 hand axe)
You closely miss the wolf. The wolf bites you but does no damage.
Cleave: a) +0 hand axe
Press: ? - help, Dir - move target, f/p - wolf
Aim: a wolf (haloed, about 34% to evade your +0 hand axe)
You hit the wolf.
The wolf is lightly wounded.
The wolf barely misses you. The wolf bites you.
Cleave: a) +0 hand axe
Press: ? - help, Dir - move target, f/p - wolf
Aim: a wolf (lightly wounded, haloed, about 34% to evade your +0 hand axe)
You slash the wolf!
The wolf is heavily wounded.
The wolf misses you.
Cleave: a) +0 hand axe
Press: ? - help, Dir - move target, f/p - wolf
Aim: a wolf (heavily wounded, haloed, about 34% to evade your +0 hand axe)
You barely miss the wolf.
The wolf is heavily wounded.
The wolf bites you!
* * * LOW HITPOINT WARNING * * *
Cleave: a) +0 hand axe
Press: ? - help, Dir - move target, f/p - wolf
Aim: a wolf (heavily wounded, haloed, about 34% to evade your +0 hand axe)
You hit the wolf.
The wolf is severely wounded.
The wolf bites you but does no damage.
Cleave: a) +0 hand axe
Press: ? - help, Dir - move target, f/p - wolf
Aim: a wolf (severely wounded, haloed, about 34% to evade your +0 hand axe)
You hit the wolf.
The wolf is almost dead.
The wolf bites you but does no damage. x2
Cleave: a) +0 hand axe
Press: ? - help, Dir - move target, f/p - wolf
Aim: a wolf (almost dead, haloed, about 34% to evade your +0 hand axe)
You barely miss the wolf.
The wolf is almost dead.
The wolf bites you.
* * * LOW HITPOINT WARNING * * *
Cleave: a) +0 hand axe
Press: ? - help, Dir - move target, f/p - wolf
Aim: a wolf (almost dead, haloed, about 34% to evade your +0 hand axe)
You closely miss the wolf.
The wolf is almost dead.
The wolf bites you.
* * * LOW HITPOINT WARNING * * *
Cleave: a) +0 hand axe
Press: ? - help, Dir - move target, f/p - wolf
Aim: a wolf (almost dead, haloed, about 34% to evade your +0 hand axe)
You hit the wolf.
The wolf is almost dead.
The wolf bites you but does no damage. x2
Cleave: a) +0 hand axe
Press: ? - help, Dir - move target, f/p - wolf
Aim: a wolf (almost dead, haloed, about 34% to evade your +0 hand axe)
You slash the wolf!
You kill the wolf!
Cleave: a) +0 hand axe
Press: ? - help, Dir - move target, f - white imp
Aim: a white imp (haloed, about 18% to evade your +0 hand axe)
You slash the white imp!
The white imp is heavily wounded.
Cleave: a) +0 hand axe
Press: ? - help, Dir - move target, f/p - white imp
Aim: a white imp (heavily wounded, haloed, about 18% to evade your +0 hand axe)
You slash the white imp!
You kill the white imp!
The Shining One accepts your kill.
You feel better.
Cleave: a) +0 hand axe
Press: ? - help, Dir - move target, f - you That would be overly suicidal.
Okay, then.
Unknown command.
Found a scroll labelled QENALO LUHAHOI.
You see here a wolf corpse.
p - 2 scrolls labelled QENALO LUHAHOI (gained 1)
A polar bear comes into view.
The polar bear growls angrily.
Okay, then.
Search for what [Enter for "axe", or ? for help]? throw Unknown command.
You see here a wolf corpse.
A polar bear is nearby!
Okay, then.
Things that are here:
a +0 dagger; a +0 scale mail Throw: 8 darts (poison)
Press: ? - help, Shift-Dir - straight line, f - polar bear
Aim: a polar bear (64% to hit)
You throw a poisoned dart.
The poisoned dart closely misses the polar bear.
Throw: 7 darts (poison)
Press: ? - help, Shift-Dir - straight line, f/p - polar bear
Aim: a polar bear (64% to hit)
You throw a poisoned dart. The poisoned dart hits the polar bear.
The polar bear is poisoned.
Throw: 6 darts (poison)
Press: ? - help, Shift-Dir - straight line, f/p - polar bear
Aim: a polar bear (poisoned, haloed, 85% to hit)
You throw a poisoned dart. The poisoned dart hits the polar bear.
The polar bear looks even sicker.
Throw: 5 darts (poison)
Press: ? - help, Shift-Dir - straight line, f/p - polar bear
Aim: a polar bear (very poisoned, haloed, 85% to hit)
You throw a poisoned dart. The poisoned dart hits the polar bear.
The polar bear looks even sicker.
Throw: 4 darts (poison)
Press: ? - help, Shift-Dir - straight line, f/p - polar bear
Aim: a polar bear (lightly wounded, very poisoned, haloed, 85% to hit)
You throw a poisoned dart. The poisoned dart hits the polar bear.
The polar bear looks as sick as possible!
The polar bear is lightly wounded.
The polar bear bites you! The polar bear barely misses you.
The polar bear claws you but does no damage.
Your shield is strengthened by the Shining One's divine power.
The polar bear barely misses you.
The polar bear claws you but does no damage.
The polar bear claws you.
Cleave: a) +0 hand axe
Press: ? - help, Dir - move target, f/p - polar bear
Aim: a polar bear (lightly wounded, extremely poisoned, haloed, about 12% to evade your +0 hand axe)
You hit the polar bear.
The polar bear is moderately wounded.
The polar bear bites you. The polar bear closely misses you.
The polar bear claws you but does no damage.
Cleave: a) +0 hand axe
Press: ? - help, Dir - move target, f/p - polar bear
Aim: a polar bear (moderately wounded, extremely poisoned, haloed, about 12% to evade your +0 hand axe)
You hit the polar bear but do no damage.
The polar bear is moderately wounded.
The polar bear bites you.
* * * LOW HITPOINT WARNING * * *
The polar bear misses you. The polar bear barely misses you.
Cleave: a) +0 hand axe
Press: ? - help, Dir - move target, f/p - polar bear
Aim: a polar bear (moderately wounded, extremely poisoned, haloed, about 12% to evade your +0 hand axe)
You barely miss the polar bear.
The polar bear is moderately wounded.
Cleave: a) +0 hand axe
Press: ? - help, Dir - move target, f/p - polar bear
Aim: a polar bear (moderately wounded, very poisoned, haloed, about 12% to evade your +0 hand axe)
You hit the polar bear.
The polar bear is moderately wounded.
The polar bear bites you!
* * * LOW HITPOINT WARNING * * *
The polar bear closely misses you. The polar bear misses you.
Cleave: a) +0 hand axe
Press: ? - help, Dir - move target, f/p - polar bear
Aim: a polar bear (moderately wounded, very poisoned, haloed, about 12% to evade your +0 hand axe)
You hit the polar bear.
The polar bear is heavily wounded.
The polar bear misses you. The polar bear barely misses you.
The polar bear claws you but does no damage.
Cleave: a) +0 hand axe
Press: ? - help, Dir - move target, f/p - polar bear
Aim: a polar bear (heavily wounded, very poisoned, haloed, about 12% to evade your +0 hand axe)
You hit the polar bear but do no damage.
The polar bear is heavily wounded.
The polar bear barely misses you.
The polar bear claws you but does no damage. x2
Cleave: a) +0 hand axe
Press: ? - help, Dir - move target, f/p - polar bear
Aim: a polar bear (heavily wounded, very poisoned, haloed, about 12% to evade your +0 hand axe)
You hit the polar bear but do no damage.
The polar bear is heavily wounded.
Cleave: a) +0 hand axe
Press: ? - help, Dir - move target, f/p - polar bear
Aim: a polar bear (heavily wounded, very poisoned, haloed, about 12% to evade your +0 hand axe)
You hit the polar bear.
The polar bear is heavily wounded.
The polar bear bites you!
* * * LOW HITPOINT WARNING * * *
The polar bear claws you but does no damage. x2
Cleave: a) +0 hand axe
Press: ? - help, Dir - move target, f/p - polar bear
Aim: a polar bear (heavily wounded, very poisoned, haloed, about 12% to evade your +0 hand axe)
You hit the polar bear.
The polar bear is severely wounded.
The polar bear misses you. The polar bear claws you.
* * * LOW HITPOINT WARNING * * *
The polar bear claws you but does no damage.
It was a potion of heal wounds.
You feel much better. The polar bear bites you!
* * * LOW HITPOINT WARNING * * *
The polar bear barely misses you. The polar bear claws you.
* * * LOW HITPOINT WARNING * * *
Cleave: a) +0 hand axe
Press: ? - help, Dir - move target, f/p - polar bear
Aim: a polar bear (severely wounded, very poisoned, haloed, about 12% to evade your +0 hand axe)
You hit the polar bear.
The polar bear is severely wounded.
The polar bear goes berserk!
Cleave: a) +0 hand axe
Press: ? - help, Dir - move target, f/p - polar bear
Aim: a polar bear (severely wounded, berserk, very poisoned, haloed, about 12% to evade your +0 hand axe)
You hit the polar bear but do no damage.
The polar bear is severely wounded.
The polar bear bites you.
* * * LOW HITPOINT WARNING * * *
The polar bear claws you but does no damage.
The polar bear claws you.
* * * LOW HITPOINT WARNING * * *
Cleave: a) +0 hand axe
Press: ? - help, Dir - move target, f/p - polar bear
Aim: a polar bear (severely wounded, berserk, very poisoned, haloed, about 12% to evade your +0 hand axe)
Okay, then.
You feel much better. The polar bear bites you!
* * * LOW HITPOINT WARNING * * *
The polar bear barely misses you. x2
Cleave: a) +0 hand axe
Press: ? - help, Dir - move target, f/p - polar bear
Aim: a polar bear (severely wounded, berserk, very poisoned, haloed, about 12% to evade your +0 hand axe)
You slash the polar bear!
The polar bear is almost dead.
The polar bear bites you.
* * * LOW HITPOINT WARNING * * *
The polar bear claws you but does no damage.
The polar bear closely misses you. The polar bear bites you!!
You die...

#.# #.#......
#.#.##.## #.#
#.#...##.##.##.....
#h#
#.#.#..###..#.##.#.
#.#
#............###.#.
#.#
###.##.###.........
#.#
#)###..)########.
#.# #.# ##### ##
#.#######.#
#.().((h@.#
###########


You could see a polar bear (berserk, very poisoned).

Vanquished Creatures
  Eustachio (D:5)
  A water moccasin (D:7)
  Duvessa (D:5)
  3 black bears
  2 ice beasts
  An orc warrior (D:7)
  An ogre (D:6)
  A centaur (D:8)
  A crocodile (Sewer)
  A wolf (D:8)
  4 bullfrogs
  4 scorpions
  A wight (D:6)
  Dowan (D:5)
  A howler monkey (D:8)
  3 orc priests
  A hound (D:3)
  A jelly (D:7)
  Jessica (D:2)
  2 iguanas
  3 orc wizards
  7 adders
  5 white imps
  A howler monkey simulacrum (D:8)
  2 dart slugs
  2 ribbon worms
  14 orcs
  2 endoplasms
  4 giant cockroaches
  4 goblins
  2 hobgoblins (D:1)
  7 jackals
  A quokka (D:4)
  2 ball pythons
  4 bats
  2 frilled lizards (D:2)
  3 kobolds
  3 rats
100 creatures vanquished.

Vanquished Creatures (others)
  A quokka (D:3)
  A ball python (D:3)
2 creatures vanquished.

Grand Total: 102 creatures vanquished

Notes
Turn   | Place    | Note
-------+----------+-------------------------------------------
     0 | D:1      | jagoly the Gargoyle Monk began the quest for the Orb.
     0 | D:1      | Reached XP level 1. HP: 14/14 MP: 1/1
    89 | D:1      | Reached skill level 1 in Stealth
    92 | D:1      | Reached XP level 2. HP: 19/19 MP: 2/2
   138 | D:1      | Reached skill level 3 in Axes
   259 | D:2      | Noticed Jessica
   264 | D:2      | Killed Jessica
   265 | D:2      | Reached XP level 3. HP: 8/24 MP: 3/3
   333 | D:2      | Reached skill level 1 in Armour
   362 | D:2      | Noticed Sigmund
   424 | D:2      | Reached XP level 4. HP: 28/29 MP: 4/4
   468 | D:2      | Found a faded altar of an unknown god.
   668 | D:3      | Found a white marble altar of Elyvilon.
   671 | D:3      | Found Plog's Antique Armour Shop.
   677 | D:3      | Became a worshipper of Elyvilon the Healer
   677 | D:3      | Reached * piety under Elyvilon
   677 | D:3      | Reached ** piety under Elyvilon
   772 | D:3      | Reached skill level 4 in Axes
   798 | D:3      | Reached XP level 5. HP: 20/33 MP: 5/5
   883 | D:4      | Noticed VideoJamieLikely's ghost (amateur DrCj)
  1041 | D:5      | Entered Level 5 of the Dungeon
  1068 | D:5      | Found a glowing drain.
  1082 | D:5      | Noticed a black bear
  1108 | D:5      | Killed a black bear
  1109 | D:5      | Reached XP level 6. HP: 6/38 MP: 6/6
  1153 | D:5      | Reached skill level 5 in Axes
  1239 | D:5      | Reached *** piety under Elyvilon
  1274 | Sewer    | Entered a sewer
  1424 | D:5      | Noticed Eustachio
  1441 | D:5      | Killed Eustachio
  1442 | D:5      | Reached skill level 6 in Axes
  1442 | D:5      | Reached XP level 7. HP: 18/43 MP: 7/7
  1629 | D:5      | Found a runed translucent gate.
  1630 | D:5      | Found a runed translucent gate.
  1631 | D:5      | Found a runed translucent gate.
  1633 | D:5      | Noticed thelochok's ghost (novice DsFE)
  1655 | D:5      | Noticed Duvessa
  1655 | D:5      | Noticed Dowan
  1682 | D:5      | Killed Duvessa
  1683 | D:5      | Reached skill level 7 in Axes
  1691 | D:5      | Killed Dowan
  1715 | D:5      | Found a staircase to the Ecumenical Temple.
  1779 | Temple   | Entered the Ecumenical Temple
  1792 | Temple   | Fell from the grace of Elyvilon
  1792 | Temple   | Became a worshipper of the Shining One
  1792 | Temple   | Reached * piety under the Shining One
  1979 | D:6      | Reached XP level 8. HP: 48/48 MP: 8/8
  2041 | D:6      | Reached skill level 8 in Axes
  2361 | D:7      | Found a bloodstained altar of Trog.
  2393 | D:7      | Reached skill level 9 in Axes
  2412 | D:7      | Reached ** piety under the Shining One
  2663 | D:7      | Reached XP level 9. HP: 29/52 MP: 9/9
  2687 | D:7      | Found a stormy altar of Qazlal.
  2860 | D:8      | Reached skill level 10 in Axes
  2926 | D:7      | Found a shimmering blue altar of Sif Muna.
  2987 | D:8      | Found a staircase to the Lair.
  3174 | D:8      | Noticed a polar bear
  3232 | D:8      | Mangled by a polar bear

Illustrated notes

Levels and vault maps discovered:
D:1:      dpeg_arrival_arbitrary_b, layout_basic
D:2:      layout_basic, hellmonk_ecumenical_altar_run_dry, st_stairs_12,
          minmay_misc_feat_enclosed, uniq_jessica, uniq_sigmund
D:3:      layout_basic, elyvilon_altar_4, serial_shops, shop,
          hangedman_abyss_or_decor_lesser_grid
D:4:      layout_loops_ring, gammafunk_ghost_split, nicolae_shop_unique_rings,
          nicolae_figureground_pulse
D:5:      layout_rooms, minmay_temple_entry_butterflies,
          gammafunk_ghost_necromancy, gup_sewer_entry_glass,
          kennysheep_cross_bottleneck, chequers_arboretum,
          nicolae_concentric_dashed_squares_mild, uniq_eustachio, uniq_duvessa
D:6:      layout_gridville
D:7:      layout_basic, kennysheep_orc_sif_temple,
          mainiacjoe_overflow_catch_the_wave
D:8:      layout_loops_ring, lair_entry_dummy, serial_ice, serial_ice_h,
          serial_ice_e, serial_ice_b, serial_ice_j, serial_ice_d, serial_ice_o,
          serial_ice_g, serial_ice_n
Temple:   mainiacjoe_temple_coin_purse

Skill      XL: |  1  2  3  4  5  6  7  8  9 |
---------------+----------------------------+-----
Stealth        | 1 |  1.0
Axes           | 3 4 6 7 9 10 | 10.7
Armour         | 1 2 3 4 |  4.0
Fighting       | 4 |  4.1
Dodging        | |  2.5
Evocations     | |  0.3

Action                     |  1- 3 |  4- 6 |  7- 9 || total
---------------------------+-------+-------+-------++-------
  Melee: Hand axe          |    45 |   150 |   316 ||   511
  Throw: Dart              |       |     2 |    22 ||    24
         Stone             |       |       |     8 ||     8
         Boomerang         |       |       |     1 ||     1
 Invoke: Heal Self         |       |     1 |       ||     1
         Divine Shield     |       |       |     1 ||     1
    Use: Scroll            |       |     1 |     2 ||     3
         Potion            |       |       |     2 ||     2
 Armour: Robe              |    11 |       |       ||    11
         Ring mail         |    13 |    90 |       ||   103
         Scale mail        |       |    49 |   237 ||   286
  Dodge: Dodged            |    27 |    97 |   139 ||   263
